TOP OF THE 1ST |
---|
North Carolina State Wolfpack batting - Pitching for Virginia Cavaliers : LHP Ken James | Pitching: LHP Ken James | | Batting: LHB Steven Gregory | 0-0: Ball 1-0: Swinging Strike 1-1: Called Strike 1-2: Foul Ball, location: 2F 1-2: Fly out, F8 (Flyball, 8LS) | Batting: SHB Dave Williams | 0-0: Bunt missed! 0-1: Called Strike 0-2: Fly out, F7 (Flyball, 78D) | Batting: LHB Aaron Atkins | 0-0: Ball 1-0: Ball 2-0: Ball 3-0: Base on Balls | Batting: LHB John Fuller | 0-0: Called Strike 0-1: Fielders Choice at 2nd, U4 (Groundball, 4M) | Top of the 1st over - 0 runs, 0 hits, 0 errors, 1 left on base; North Carolina State 0 - Virginia 0 | BOTTOM OF THE 1ST |
---|
Virginia Cavaliers batting - Pitching for North Carolina State Wolfpack : LHP Jorge Hernández | Pitching: LHP Jorge Hernández | | Batting: RHB Anthony Scott | 0-0: Ball 1-0: Ball 2-0: SINGLE (Groundball, 56D) | Batting: LHB Randy Pérez | 0-0: Foul Ball, location: 2F 0-1: Ball 1-1: Ball 2-1: Ball 3-1: Called Strike 3-2: Base on Balls Anthony Scott to second | Batting: LHB Jack Davis | 0-0: Ball 1-0: Ball 2-0: Called Strike 2-1: Foul Ball, location: 2F 2-2: Ground out 6-3 (Groundball, 6MS) Anthony Scott to third Randy Pérez to second | Batting: LHB António Machado | 0-0: Ball 1-0: Ball 2-0: Ball 3-0: Called Strike 3-1: Base on Balls | Batting: RHB Nick Stephenson | 0-0: Ball 1-0: Ball 2-0: DOUBLE (Flyball, 9D) Anthony Scott scores Randy Pérez scores António Machado to third Runner from 3rd tries for Home, SAFE, no throw | Batting: LHB Andrés Méndez | 0-0: Ball 1-0: Ball 2-0: Foul Ball, location: 2F 2-1: Fly out, F8 (Flyball, 8RS) Lined into DP, 8-6 (Flyball, 8RS) | Bottom of the 1st over - 3 runs, 2 hits, 0 errors, 0 left on base; North Carolina State 0 - Virginia 3 | TOP OF THE 2ND |
---|
North Carolina State Wolfpack batting - Pitching for Virginia Cavaliers : LHP Ken James | Batting: LHB Ryan Cook | 0-0: Ball 1-0: Ball 2-0: Ball 3-0: Foul Ball, location: 2F 3-1: Swinging Strike 3-2: Foul Ball, location: 2F 3-2: Base on Balls | Batting: RHB Chris Seals | 0-0: Ball 1-0: Grounds into double play, 6-4-3 (Groundball, 6) | Batting: LHB Ramón Quintanilla | 0-0: Ball 1-0: Ball 2-0: Ball 3-0: Base on Balls | Batting: RHB Héctor Meléndez | 0-0: Ground out 5-3 (Groundball, 56S) | Top of the 2nd over - 0 runs, 0 hits, 0 errors, 1 left on base; North Carolina State 0 - Virginia 3 | BOTTOM OF THE 2ND |
---|
Virginia Cavaliers batting - Pitching for North Carolina State Wolfpack : LHP Jorge Hernández | Batting: RHB Mark Greene | 0-0: Ball 1-0: Called Strike 1-1: Ball 2-1: Fly out, F8 (Flyball, 8RM) | Batting: SHB Frank Sewell | 0-0: Foul Ball, location: 2F 0-1: SINGLE (Line Drive, 4MD) | Batting: RHB Scott Hughes | 0-0: Ball 1-0: Ball 2-0: DOUBLE (Line Drive, 8LD) Frank Sewell to third | Batting: RHB Anthony Scott | 0-0: Ball 1-0: Ball 2-0: Foul Ball, location: 2F 2-1: Foul Ball, location: 2F 2-2: Fly out, F3 (Line Drive, 34) | Batting: LHB Randy Pérez | 0-0: Ball 1-0: Ball 2-0: SINGLE (Groundball, 6D) Frank Sewell scores Scott Hughes to third Runner from 3rd tries for Home, SAFE, throw made home | Batting: LHB Jack Davis | 0-0: Called Strike Randy Pérez steals 2nd base 0-1: Fly out, F7 (Flyball, 78M) | Bottom of the 2nd over - 2 runs, 3 hits, 0 errors, 1 left on base; North Carolina State 0 - Virginia 5 | TOP OF THE 3RD |
---|
North Carolina State Wolfpack batting - Pitching for Virginia Cavaliers : LHP Ken James | Batting: LHB Trent Harper | 0-0: Called Strike 0-1: Ball 1-1: Foul Ball, location: 2F 1-2: Ground out 4-3 (Groundball, 34D) | Batting: LHB Steven Gregory | 0-0: Ball 1-0: Called Strike 1-1: Ball 2-1: Called Strike 2-2: Strikes out looking | Batting: SHB Dave Williams | 0-0: Ball 1-0: Ball 2-0: Ball 3-0: Base on Balls | Batting: LHB Aaron Atkins | 0-0: Foul Ball, location: 2F 0-1: Ball 1-1: Ball 2-1: Ball 3-1: Foul Ball, location: 2F 3-2: Base on Balls Dave Williams to second | Batting: LHB John Fuller | 0-0: Ball 1-0: Ball 2-0: Fly out, F9 (Flyball, 9) | Top of the 3rd over - 0 runs, 0 hits, 0 errors, 2 left on base; North Carolina State 0 - Virginia 5 | BOTTOM OF THE 3RD |
---|
Virginia Cavaliers batting - Pitching for North Carolina State Wolfpack : LHP Jorge Hernández | Batting: LHB António Machado | 0-0: Swinging Strike 0-1: Swinging Strike 0-2: Ball 1-2: Foul Ball, location: 2F 1-2: Foul Ball, location: 2F 1-2: Foul Ball, location: 2F 1-2: Ground out U3 (Groundball, 34) | Batting: RHB Nick Stephenson | 0-0: Called Strike 0-1: Ball 1-1: Fly out, F4 (Line Drive, 4) | Batting: LHB Andrés Méndez | 0-0: Ball 1-0: SINGLE (Line Drive, 9LS) | Batting: RHB Mark Greene | 0-0: Ball 1-0: Ground out 4-3 (Groundball, 4S) | Bottom of the 3rd over - 0 runs, 1 hit, 0 errors, 1 left on base; North Carolina State 0 - Virginia 5 | TOP OF THE 4TH |
---|
North Carolina State Wolfpack batting - Pitching for Virginia Cavaliers : LHP Ken James | Batting: LHB Ryan Cook | 0-0: Ball 1-0: Foul Ball, location: 2F 1-1: Foul Ball, location: 2F 1-2: Fly out, F7 (Flyball, 7) | Batting: RHB Chris Seals | 0-0: Called Strike 0-1: Called Strike 0-2: Ball 1-2: DOUBLE (Line Drive, 89D) | Batting: LHB Ramón Quintanilla | 0-0: Ball 1-0: Foul Ball, location: 2F 1-1: Ball 2-1: Ball 3-1: Fly out, F3 (Line Drive, 3S) | Batting: RHB Héctor Meléndez | 0-0: Ball 1-0: Ball 2-0: Ball 3-0: Base on Balls | Batting: LHB Trent Harper | 0-0: Called Strike 0-1: Ball 1-1: Ball 2-1: Ball 3-1: Base on Balls Chris Seals to third Héctor Meléndez to second | Batting: LHB Steven Gregory | 0-0: Fly out, F7 (Flyball, 7D) | Top of the 4th over - 0 runs, 1 hit, 0 errors, 3 left on base; North Carolina State 0 - Virginia 5 | BOTTOM OF THE 4TH |
---|
Virginia Cavaliers batting - Pitching for North Carolina State Wolfpack : LHP Jorge Hernández | Batting: SHB Frank Sewell | 0-0: Fly out, F9 (Flyball, 9) | Batting: RHB Scott Hughes | 0-0: Called Strike 0-1: Ground out 5-3 (Groundball, 56) | Batting: RHB Anthony Scott | 0-0: Ball 1-0: Ball 2-0: Called Strike 2-1: Ball 3-1: SINGLE (Line Drive, 89S) | Batting: LHB Randy Pérez | 0-0: Called Strike 0-1: Foul Ball, location: 2F 0-2: SINGLE (Line Drive, 34D) Anthony Scott to second Runner from 2nd tries for 3rd, SAFE, throw made to third | Batting: LHB Jack Davis | 0-0: Ball 1-0: SINGLE (Flyball, 78M) Anthony Scott scores Randy Pérez to second Runner from 2nd tries for 3rd, SAFE, throw made to third | Pitching: RHP Xavier Reed | | Batting: LHB António Machado | 0-0: Ball 1-0: Foul Ball, location: 2F 1-1: Swinging Strike 1-2: Foul Ball, location: 2F 1-2: Foul Ball, location: 2F 1-2: Foul Ball, location: 2F 1-2: Strikes out looking | Bottom of the 4th over - 1 run, 3 hits, 0 errors, 2 left on base; North Carolina State 0 - Virginia 6 | TOP OF THE 5TH |
---|
North Carolina State Wolfpack batting - Pitching for Virginia Cavaliers : LHP Ken James | Batting: SHB Dave Williams | 0-0: Called Strike 0-1: Fly out, F6 (Line Drive, 6) | Batting: LHB Aaron Atkins | 0-0: Called Strike 0-1: Swinging Strike 0-2: Ball 1-2: Ground out 6-3 (Groundball, 6M) | Batting: LHB John Fuller | 0-0: Ball 1-0: Foul Ball, location: 2F 1-1: SINGLE (Groundball, 4MD) | Pitching: LHP Bob Davis | | Batting: LHB Ryan Cook | 0-0: Ball 1-0: Foul Ball, location: 2F 1-1: Swinging Strike 1-2: Foul Ball, location: 2F 1-2: Hit by Pitch John Fuller to second | Batting: RHB Chris Seals | 0-0: Foul Ball, location: 2F 0-1: Ground out 4-3 (Groundball, 4) | Top of the 5th over - 0 runs, 1 hit, 0 errors, 2 left on base; North Carolina State 0 - Virginia 6 | BOTTOM OF THE 5TH |
---|
Virginia Cavaliers batting - Pitching for North Carolina State Wolfpack : RHP Xavier Reed | Batting: RHB Nick Stephenson | 0-0: Foul Ball, location: 2F 0-1: Fly out, F7 (Line Drive, 7) | Batting: LHB Andrés Méndez | 0-0: Ball 1-0: Fly out, F7 (Flyball, 7LM) | Batting: RHB Mark Greene | 0-0: Called Strike 0-1: Ball 1-1: Swinging Strike 1-2: Foul Ball, location: 2F 1-2: Foul Ball, location: 2F 1-2: Foul Ball, location: 2F 1-2: Ball 2-2: Ball 3-2: Base on Balls | Batting: SHB Frank Sewell | 0-0: Called Strike 0-1: Ball 1-1: Swinging Strike 1-2: DOUBLE (Line Drive, 78S) Mark Greene to third Runner from 3rd tries for Home, SAFE, no throw | Batting: RHB Scott Hughes | 0-0: Ball 1-0: Ball 2-0: Called Strike 2-1: Foul Ball, location: 2F 2-2: Foul Ball, location: 2F 2-2: Foul Ball, location: 2F 2-2: Foul Ball, location: 2F 2-2: Foul Ball, location: 2F 2-2: Strikes out looking | Bottom of the 5th over - 1 run, 1 hit, 0 errors, 1 left on base; North Carolina State 0 - Virginia 7 | TOP OF THE 6TH |
---|
North Carolina State Wolfpack batting - Pitching for Virginia Cavaliers : LHP Bob Davis | Batting: LHB Ramón Quintanilla | 0-0: Ball 1-0: Foul Ball, location: 2F 1-1: SOLO HOME RUN (Flyball, 9LD), Distance : 312 ft | Batting: RHB Héctor Meléndez | 0-0: Ball 1-0: Foul Ball, location: 2F 1-1: Called Strike 1-2: Ball 2-2: Foul Ball, location: 2F 2-2: Ball 3-2: Strikes out swinging | Batting: LHB Trent Harper | 0-0: Foul Ball, location: 2F 0-1: Swinging Strike Error on foul ball, E7 0-2: Ball 1-2: SINGLE (Line Drive, 89S) | Batting: LHB Steven Gregory | 0-0: Ball 1-0: Foul Ball, location: 2F 1-1: Ball 2-1: Ground out 4-3 (Groundball, 4M) Trent Harper to second | Batting: SHB Dave Williams | 0-0: DOUBLE (Line Drive, 7LS) Trent Harper scores | Batting: LHB Aaron Atkins | 0-0: Called Strike 0-1: Foul Ball, location: 2F 0-2: Ball 1-2: Ball 2-2: Ball 3-2: Fly out, F7 (Flyball, 7D) | Top of the 6th over - 2 runs, 3 hits, 1 error, 1 left on base; North Carolina State 2 - Virginia 7 | BOTTOM OF THE 6TH |
---|
Virginia Cavaliers batting - Pitching for North Carolina State Wolfpack : RHP Xavier Reed | Batting: RHB Anthony Scott | 0-0: Swinging Strike 0-1: Ball 1-1: Called Strike 1-2: Ball 2-2: Strikes out swinging | Batting: LHB Randy Pérez | 0-0: Ball 1-0: Called Strike 1-1: Ball 2-1: Ball 3-1: Foul Ball, location: 2F 3-2: Strikes out swinging | Batting: LHB Jack Davis | 0-0: Ball 1-0: Foul Ball, location: 2F 1-1: Ball 2-1: Called Strike 2-2: Strikes out swinging | Bottom of the 6th over - 0 runs, 0 hits, 0 errors, 0 left on base; North Carolina State 2 - Virginia 7 | TOP OF THE 7TH |
---|
North Carolina State Wolfpack batting - Pitching for Virginia Cavaliers : LHP Bob Davis | Batting: LHB John Fuller | 0-0: Swinging Strike 0-1: Ball 1-1: Called Strike 1-2: Ball 2-2: Strikes out swinging | Batting: LHB Ryan Cook | 0-0: Ball 1-0: Ball 2-0: Called Strike 2-1: Foul Ball, location: 2F 2-2: Ground out 6-3 (Groundball, 6) | Batting: RHB Chris Seals | 0-0: Ground out 6-3 (Groundball, 6) | Top of the 7th over - 0 runs, 0 hits, 0 errors, 0 left on base; North Carolina State 2 - Virginia 7 | BOTTOM OF THE 7TH |
---|
Virginia Cavaliers batting - Pitching for North Carolina State Wolfpack : RHP Xavier Reed | Batting: LHB António Machado | 0-0: Ball 1-0: Fly out, F7 (Flyball, 7LM) | Batting: RHB Nick Stephenson | 0-0: Called Strike 0-1: Ball 1-1: Swinging Strike 1-2: Ball 2-2: Foul Ball, location: 2F 2-2: Ground out 6-3 (Groundball, 6) | Batting: LHB Andrés Méndez | 0-0: Called Strike 0-1: Ball 1-1: Ball 2-1: Ball 3-1: Base on Balls | Pitching: RHP Pat Schwartz | | Batting: RHB Mark Greene | 0-0: Ball 1-0: Ball 2-0: Ball 3-0: Called Strike 3-1: SINGLE (Groundball, 56) (infield hit) Andrés Méndez to second | Batting: SHB Frank Sewell | 0-0: Ground out 6-3 (Groundball, 6MS) | Bottom of the 7th over - 0 runs, 1 hit, 0 errors, 2 left on base; North Carolina State 2 - Virginia 7 | TOP OF THE 8TH |
---|
North Carolina State Wolfpack batting - Pitching for Virginia Cavaliers : LHP Bob Davis | Batting: LHB Ramón Quintanilla | 0-0: Ball 1-0: Swinging Strike 1-1: Ball 2-1: Foul Ball, location: 2F 2-2: Strikes out swinging | Batting: RHB Héctor Meléndez | 0-0: Ball 1-0: Fly out, F7 (Flyball, 7S) | Batting: LHB Trent Harper | 0-0: Ball 1-0: Ball 2-0: Ball 3-0: Base on Balls | Pitching: RHP Michael Crosby | | Batting: LHB Steven Gregory | 0-0: Swinging Strike 0-1: Called Strike 0-2: Ball 1-2: Foul Ball, location: 2F 1-2: SINGLE (Line Drive, 89S) Trent Harper to second | Batting: SHB Dave Williams | 0-0: Ball 1-0: Ball 2-0: Ball 3-0: Base on Balls Trent Harper to third Steven Gregory to second | Batting: LHB Aaron Atkins | 0-0: Ball 1-0: Called Strike 1-1: Ball 2-1: Ball 3-1: Base on Balls Trent Harper scores Steven Gregory to third Dave Williams to second | Batting: LHB John Fuller | 0-0: Fielders Choice at 2nd, U6 (Groundball, 6M) | Top of the 8th over - 1 run, 1 hit, 0 errors, 3 left on base; North Carolina State 3 - Virginia 7 | BOTTOM OF THE 8TH |
---|
Virginia Cavaliers batting - Pitching for North Carolina State Wolfpack : RHP Pat Schwartz | Batting: RHB Scott Hughes | 0-0: Ground out 5-3 (Groundball, 56S) | Batting: RHB Anthony Scott | 0-0: Swinging Strike 0-1: Ground out 6-3 (Groundball, 6) | Batting: LHB Randy Pérez | 0-0: Called Strike 0-1: Ground out 4-3 (Groundball, 34) | Bottom of the 8th over - 0 runs, 0 hits, 0 errors, 0 left on base; North Carolina State 3 - Virginia 7 | TOP OF THE 9TH |
---|
North Carolina State Wolfpack batting - Pitching for Virginia Cavaliers : RHP Michael Crosby | Pitching: RHP Matt Howard | | Batting: LHB Ryan Cook | 0-0: Ball 1-0: Foul Ball, location: 2F 1-1: Ball 2-1: Ground out 4-3 (Groundball, 4) | Batting: RHB Chris Seals | 0-0: Called Strike 0-1: Ball 1-1: Ball 2-1: Ground out 6-3 (Groundball, 6M) | Batting: LHB Ramón Quintanilla | 0-0: Fly out, F9 (Flyball, 9) | Top of the 9th over - 0 runs, 0 hits, 0 errors, 0 left on base; North Carolina State 3 - Virginia 7 | |